 Dungeon Crawl Stone Soup version 0.27.1-3-gb3d3a73c9e (webtiles) character file.

Game seed: 1271937977341966969

121 DearestLeader the Grave Robber (level 5, -3/37 HPs)
             Began as a Gnoll Wanderer on Oct 12, 2021.
             Slain by Grinder (10 damage)
             ... while paralysed by Grinder
             ... on level 3 of the Dungeon.
             The game lasted 00:06:47 (2308 turns).

DearestLeader the Grave Robber (Gnoll Wanderer)     Turns: 2308, Time: 00:06:47

Health: -3/37      AC:  2    Str: 12    XL:     5   Next: 5%
Magic:  9/9        EV:  2    Int: 13    God:
Gold:   100        SH:  0    Dex: 10    Spells: 8/10 levels left

rFire    . . .     SeeInvis .   g - +2 dagger (speed)
rCold    . . .     Faith    .   (no shield)
rNeg     . . .     Spirit   .   b - +0 robe
rPois    .         Reflect  .   (no helmet)
rElec    .         Harm     .   (no cloak)
rCorr    .         Rampage  .   (no gloves)
Will     .....                  (no boots)
Stlth    +.........             m - amulet of regeneration
HPRegen  1.12/turn              d - +4 ring of evasion
MPRegen  0.11/turn              (no ring)

@: paralysed
A: fangs 1, strong nose, distributed training
a: no special abilities


You were on level 3 of the Dungeon.
You visited 1 branch of the dungeon, and saw 3 of its levels.

You collected 100 gold pieces.

Inventory:

Hand Weapons
 a - a +0 club
 g - a +2 dagger of speed (weapon)
Missiles
 f - 52 arrows
 k - 24 sling bullets
Armour
 b - a +0 robe (worn)
 e - a +0 ring mail
Jewellery
 d - a +4 ring of evasion (left hand)
 m - an amulet of regeneration (around neck)
Scrolls
 n - 3 scrolls of amnesia
 p - a scroll of vulnerability {unknown}
 q - a scroll of enchant weapon {unknown}
 r - a scroll of identify {unknown}
Potions
 c - 2 potions of curing
 h - a potion of brilliance {unknown}
 j - 2 potions of resistance {unknown}
 o - a potion of lignification {unknown}
 s - a potion of flight {unknown}


   Skills:
 + Level 1.3 Fighting
 + Level 1.3 Short Blades
 + Level 1.3 Long Blades
 + Level 1.3 Axes
 + Level 1.3 Maces & Flails
 + Level 1.3 Polearms
 + Level 1.3 Staves
 + Level 1.3 Slings
 + Level 1.3 Bows
 + Level 1.3 Crossbows
 + Level 2.8 Throwing
 + Level 1.3 Armour
 + Level 1.3 Dodging
 + Level 1.3 Stealth
 + Level 2.8 Shields
 + Level 1.3 Unarmed Combat
 + Level 3.1 Spellcasting
 + Level 1.0 Conjurations
 + Level 1.0 Hexes
 + Level 3.9 Summonings
 + Level 5.5 Necromancy
 + Level 1.0 Translocations
 + Level 1.0 Transmutations
 + Level 1.0 Fire Magic
 + Level 1.0 Ice Magic
 + Level 1.0 Air Magic
 + Level 3.9 Earth Magic
 + Level 1.0 Poison Magic
 + Level 1.4 Invocations
 + Level 1.3 Evocations


You had 8 spell levels left.
You knew the following spells:

 Your Spells              Type           Power      Damage    Failure   Level
a - Animate Skeleton      Necr           32%        N/A       2%          1
b - Pain                  Necr           64%        1d7       2%          1

Your spell library contained the following spells:

 Spells                   Type           Power      Damage    Failure   Level
 Vampiric Draining        Necr           8%         2d7       7%          3
 Freeze                   Ice            16%        1d4       14%         1
 Magic Dart               Conj           16%        1d3       14%         1
 Searing Ray              Conj           8%         3d3       22%         2
 Animate Dead             Necr           8%         N/A       24%         4
 Frozen Ramparts          Ice            8%         1d2       41%         3
 Agony                    Necr           16%        N/A       54%         5
 Fulminant Prism          Conj/Hex       2%         3d6       82%         4


Dungeon Overview and Level Annotations

Branches:
Dungeon (3/15)

Altars:

Shops:
D:3 *

Annotations:
D:3 Grinder


Innate Abilities, Weirdness & Mutations

You have very sharp teeth.
Your uncanny sense of smell can sniff out nearby items.
Your experience applies equally to all skills.


Message History

Press: ? - help, Q - select action, (/) - cycle Shift-Dir - straight line, f/p - Grinder
Aim: Grinder (heavily wounded, 52% to hit)
You throw a javelin. The javelin barely misses Grinder.
Grinder blinks!
Throw: 4 javelins
Press: ? - help, Q - select action, (/) - cycle Shift-Dir - straight line, f/p - Grinder
Aim: Grinder (heavily wounded, 52% to hit)
You throw a javelin. The javelin pierces through Grinder!
Grinder is severely wounded.
Grinder hits you.
You writhe in agony.
Throw: 3 javelins
Press: ? - help, Q - select action, (/) - cycle Shift-Dir - straight line, f/p - Grinder
Aim: Grinder (severely wounded, 52% to hit)
You throw a javelin. The javelin closely misses Grinder.
Grinder blinks!
Throw: 2 javelins
Press: ? - help, Q - select action, (/) - cycle Shift-Dir - straight line, f/p - Grinder
Aim: Grinder (severely wounded, 52% to hit)
You throw a javelin. The javelin barely misses Grinder.
Grinder blinks!
Grinder gestures at you.
You barely resist.
Throw: javelin
Press: ? - help, Q - select action, (/) - cycle Shift-Dir - straight line, f/p - Grinder
Aim: Grinder (severely wounded, 52% to hit)
You throw a javelin. The javelin barely misses Grinder.
Unknown command.
You hit Grinder but do no damage.
Grinder is severely wounded.
Grinder gestures at you.
You suddenly lose the ability to move!
Grinder hits you.
You writhe in agony.
Grinder hits you.
You writhe in agony.
* * * LOW HITPOINT WARNING * * *
Grinder hits you.
* * * LOW HITPOINT WARNING * * *
You writhe in agony.
* * * LOW HITPOINT WARNING * * *
Grinder hits you!
You die...

..........##..#****,,,,,,,,,,*
..........##..#*,,,,,,,,,,,,,*
..........##..#*,***,#********
..........###.##+##*(#
).....)...# #>#...##(#**
..........###.#.......,*
..............#....#,,,*
********
..........#####..5.#,,,*
*,,,,,,,
..........###...@.(#,,,*
*,,,,,,,
#######.#.....####(#,,,*
*,,,,,,, *...#.#####
*.#,,,***,,,,,,, #.#*#.#
*..,,,,,,,,,,,,, #.* #.#
*###*****,****** #,**#.# *,*
*∆,,..# *****,* ****###
*,,,,,* *,*****


You could see Grinder.

Vanquished Creatures
  Natasha (D:3)
  A hound zombie (D:3)
  3 gnolls (D:3)
  An adder (D:3)
  A dart slug (D:3)
  4 endoplasms
  3 giant cockroaches
  6 goblins
  A hobgoblin (D:3)
  3 jackals (D:3)
  2 kobolds (D:1)
  2 quokkas (D:1)
  6 ball pythons
  2 bats
  5 frilled lizards
  3 rats (D:1)
44 creatures vanquished.

Notes
Turn   | Place    | Note
-------+----------+-------------------------------------------
     0 | D:1      | DearestLeader the Gnoll Wanderer began the quest for the
                  | Orb.
     0 | D:1      | DearestLeader set off with the following items: a +0 club,
                  | a +0 robe, a potion of curing; and the following spells
                  | available to memorise: Animate Skeleton, Pain, Vampiric
                  | Draining, Freeze, Animate Dead, Frozen Ramparts, Agony
     0 | D:1      | Reached XP level 1. HP: 13/13 MP: 4/4
     3 | D:1      | Learned a level 1 spell: Animate Skeleton
     5 | D:1      | Learned a level 1 spell: Pain
   421 | D:1      | Reached XP level 2. HP: 7/19 MP: 1/5
  1383 | D:1      | Reached XP level 3. HP: 25/25 MP: 7/7
  1459 | D:1      | Found a faded altar of an unknown god.
  1637 | D:2      | Noticed a black bear
  1669 | D:3      | Noticed Natasha
  1704 | D:3      | Killed Natasha
  1705 | D:3      | Reached skill level 1 in Fighting
  1705 | D:3      | Reached skill level 1 in Short Blades
  1705 | D:3      | Reached skill level 1 in Long Blades
  1705 | D:3      | Reached skill level 1 in Axes
  1705 | D:3      | Reached skill level 1 in Maces & Flails
  1705 | D:3      | Reached skill level 1 in Polearms
  1705 | D:3      | Reached skill level 1 in Staves
  1705 | D:3      | Reached skill level 1 in Slings
  1705 | D:3      | Reached skill level 1 in Bows
  1705 | D:3      | Reached skill level 1 in Crossbows
  1705 | D:3      | Reached skill level 1 in Armour
  1705 | D:3      | Reached skill level 1 in Dodging
  1705 | D:3      | Reached skill level 1 in Stealth
  1705 | D:3      | Reached skill level 1 in Unarmed Combat
  1705 | D:3      | Reached skill level 1 in Invocations
  1705 | D:3      | Reached skill level 1 in Evocations
  1791 | D:3      | Reached XP level 4. HP: 32/32 MP: 5/8
  1858 | D:3      | Found Laaneof's Assorted Antiques.
  1989 | D:3      | Reached skill level 1 in Conjurations
  1989 | D:3      | Reached skill level 1 in Hexes
  1989 | D:3      | Reached skill level 1 in Translocations
  1989 | D:3      | Reached skill level 1 in Transmutations
  1989 | D:3      | Reached skill level 1 in Fire Magic
  1989 | D:3      | Reached skill level 1 in Ice Magic
  1989 | D:3      | Reached skill level 1 in Air Magic
  1989 | D:3      | Reached skill level 1 in Poison Magic
  2165 | D:3      | Reached XP level 5. HP: 37/37 MP: 2/9
  2289 | D:3      | Noticed Grinder
  2304 | D:3      | Paralysed by Grinder for 7 turns
  2308 | D:3      | Slain by Grinder

Illustrated notes

Levels and vault maps discovered:
D:1:      heliophobic_arrival_battle_scene, layout_basic,
          dilly_ecumenical_altar_fadedgnrine, grunt_decor_resistance
D:2:      layout_basic
D:3:      layout_basic, mainiacjoe_overflow_catwalk_spiral,
          lemuel_crystal_altar, serial_shops, shop,
          minmay_randomly_rotated_circles, uniq_natasha, uniq_robin,
          uniq_grinder

Skill      XL: |  1  2  3  4 |
---------------+-------------+-----
Fighting       | 1 |  1.3
Short Blades   | 1 |  1.3
Long Blades    | 1 |  1.3
Axes           | 1 |  1.3
Maces & Flails | 1 |  1.3
Polearms       | 1 |  1.3
Staves         | 1 |  1.3
Slings         | 1 |  1.3
Bows           | 1 |  1.3
Crossbows      | 1 |  1.3
Armour         | 1 |  1.3
Dodging        | 1 |  1.3
Stealth        | 1 |  1.3
Unarmed Combat | 1 |  1.3
Invocations    | 1 |  1.4
Evocations     | 1 |  1.3
Spellcasting   | 3 |  3.1
Conjurations   | 1 |  1.0
Hexes          | 1 |  1.0
Translocations | 1 |  1.0
Transmutations | 1 |  1.0
Fire Magic     | 1 |  1.0
Ice Magic      | 1 |  1.0
Air Magic      | 1 |  1.0
Poison Magic   | 1 |  1.0
Throwing       | |  2.8
Shields        | |  2.8
Summonings     | |  3.9
Necromancy     | |  5.5
Earth Magic    | |  3.9

Action                   |  1- 3 |  4- 6 || total
-------------------------+-------+-------++-------
Melee: Dagger            |    69 |    45 ||   114
       Club              |     4 |       ||     4
       Bite              |     1 |     3 ||     4
Throw: Javelin           |       |     8 ||     8
 Cast: Pain              |    37 |    28 ||    65
       Animate Skeleton  |     2 |     1 ||     3
  Use: Scroll            |       |     3 ||     3
 Stab: Sleeping          |       |     1 ||     1
Armor: Robe              |     6 |     6 ||    12
Dodge: Dodged            |    57 |    41 ||    98
